 Dungeon Crawl Stone Soup version 0.31.0-12-g77e489cdc1 (webtiles) character file.

Game seed: 15699566687833247143

104 Silvore the Covered (level 4, 0/35 HPs)
             Began as a Demonspawn Fighter on Feb 13, 2024.
             Slain by an orc
             ... wielding a +0 dagger
              (1 damage)
             ... on level 4 of the Dungeon.
             The game lasted 00:02:36 (2481 turns).

Silvore the Covered (Demonspawn Fighter)            Turns: 2481, Time: 00:02:37

Health: 0/35       AC:  6    Str: 19    XL:     4   Next: 52%
Magic:  4/4        EV:  9    Int:  8    God:
Gold:   124        SH:  6    Dex: 14    Spells: 3/3 levels left

rFire   . . .        a - +1 long sword
rCold   . . .        c - +1 buckler
rNeg    . . .        b - +0 scale mail
rPois   .            (no helmet)
rElec   .            (no cloak)
rCorr   .            (no gloves)
SInv    .            (no boots)
Will    .....        (no amulet)
Stlth   +            (no ring)
HPRegen 0.25/turn    (no ring)
MPRegen 0.18/turn

%: no passive effects
@: no status effects
A: thin skeletal structure 1, foul stench 1, magic regeneration
a: no special abilities


You were on level 4 of the Dungeon.
You visited 1 branch of the dungeon, and saw 4 of its levels.

You collected 124 gold pieces.

Inventory:

Hand Weapons
 a - a +1 long sword (weapon)
Armour
 b - a +0 scale mail (worn)
 c - a +1 buckler (worn)
Jewellery
 e - a +6 ring of intelligence
 h - an amulet of guardian spirit
Scrolls
 g - 5 scrolls of identify
 k - a scroll of blinking
 n - a scroll of fog {unknown}
Potions
 f - a potion of mutation
 i - a potion of ambrosia
 j - a potion of magic
 m - a potion of attraction
 o - 3 potions of degeneration


   Skills:
 + Level 3.2 Fighting
 + Level 3.0 Long Blades
 + Level 3.3 Armour
 + Level 0.7 Dodging
 + Level 0.1 Stealth
 + Level 3.2 Shields


You had 3 spell levels left.
You didn't know any spells.
Your spell library contained the following spells:

 Spells                   Type           Power      Damage    Failure   Level
 Freeze                   Ice            0%         1d3       85%         1
 Ensorcelled Hibernation  Hex/Ice        0%         N/A       94%         2
 Passage of Golubria      Tloc           0%         N/A       100%        4
 Disjunction              Tloc           0%         N/A       100%        8


Dungeon Overview and Level Annotations

Branches:
Dungeon (4/15)
 Temple: D:4-7

Altars:
Trog

Portals:
Abyss: D:3

Annotations:
D:3 2 transporters, ggggg's ghost, weakling MiFi


Innate Abilities, Weirdness & Mutations

You have a somewhat thin skeletal structure. (Dex +2, Stealth+)
You may rarely emit foul miasma when damaged in melee.
You regenerate magic rapidly.


Message History

* * * LOW HITPOINT WARNING * * *
Unknown command.
You are more confused.
You feel invigorated. Something hits you but does no damage.
The orc hits you with a +0 whip.
* * * LOW HITPOINT WARNING * * *
The orc closely misses you.
Unknown command.
You closely miss the orc. Something hits you.
The orc hits you but does no damage. The orc hits you with a +0 whip.
The orc hits you but does no damage.
You miss the orc.
You feel less invigorated.
You feel less confused. The orc misses you. The orc barely misses you.
The orc hits you with a +0 war axe.
* * * LOW HITPOINT WARNING * * *
Something hits you but does no damage. The orc closely misses you.
The orc hits you but does no damage. You block the orc's attack.
The orc hits you with a +0 war axe.
* * * LOW HITPOINT WARNING * * *
You barely miss the orc. Something hits you but does no damage.
The orc hits you but does no damage. The orc hits you with a +0 mace.
* * * LOW HITPOINT WARNING * * *
The orc hits you but does no damage. The orc barely misses you.
You closely miss the orc. Something hits you but does no damage.
The orc hits you with a +0 dagger.
* * * LOW HITPOINT WARNING * * *
The orc barely misses you. The orc misses you.
The orc hits you with a +0 war axe.
* * * LOW HITPOINT WARNING * * *
Unknown command.
The orc hits you with a +0 whip.
* * * LOW HITPOINT WARNING * * *
The orc misses you.
Unknown command.
The orc attacks as it pursues you! The orc hits you with a +0 dagger.
* * * LOW HITPOINT WARNING * * *
The orc attacks as it pursues you! You block the orc's attack.
The orc attacks as it pursues you! The orc hits you with a +0 dagger.
You die...

#.#....#........#
#.#....#.........
#.#....#........#
#.#....#........# #.#
...#........#
#######.####.#........#
#........o.............
#######o#.....######...
#@#.oo..#### .
###........# #.....####
#.....# #.....# ####.##
#.# #.# .#


You could see an orc.

Vanquished Creatures
  3 gnolls (D:3)
  2 adders
  4 dart slugs
  2 orcs (D:3)
  6 endoplasms
  3 giant cockroaches
  2 goblins
  4 hobgoblins
  A jackal (D:2)
  6 bats
  3 frilled lizards
  5 kobolds
  6 rats
47 creatures vanquished.

Notes
Turn   | Place    | Note
-------+----------+-------------------------------------------
     0 | D:1      | Silvore the Demonspawn Fighter began the quest for the Orb.
     0 | D:1      | Reached XP level 1. HP: 18/18 MP: 1/1
   138 | D:1      | Gained mutation: You have a somewhat thin skeletal
                  | structure. (Dex +2, Stealth+) [demonic ancestry]
   138 | D:1      | Reached XP level 2. HP: 22/24 MP: 2/2
   928 | D:2      | Gained mutation: You regenerate magic rapidly. [demonic
                  | ancestry]
   928 | D:2      | Reached XP level 3. HP: 29/29 MP: 3/3
  1856 | D:3      | Gained mutation: You may rarely emit foul miasma when
                  | damaged in melee. [demonic ancestry]
  1856 | D:3      | Reached XP level 4. HP: 18/35 MP: 4/4
  2002 | D:3      | Found a transporter.
  2009 | D:3      | Found a one-way gate to the infinite horrors of the Abyss.
  2009 | D:3      | Noticed ggggg's ghost (weakling MiFi)
  2009 | D:3      | Noticed a toenail golem
  2011 | D:3      | Found a transporter.
  2018 | D:3      | Noticed a small abomination
  2170 | D:3      | Got the Incunable of Elliptic Congelation
  2320 | D:3      | Found a bloodstained altar of Trog.
  2479 | D:4      | HP: 1/35 [orc/+0 dagger (2)]
  2481 | D:4      | Slain by an orc

Illustrated notes

Levels and vault maps discovered:
D:1:      psy_arrival_heroes, layout_loops_ring, hangedman_decor_growths,
          minmay_tripent
D:2:      layout_basic, minmay_pentomino_r4
D:3:      layout_basic, trog_book, gammafunk_ghost_abyssal_escape,
          minmay_door_square, serial_bayou_pond_d
D:4:      layout_basic, uniq_ijyb, uniq_duvessa, uniq_robin, uniq_sigmund

Skill      XL: |  1  2  3  4 |
---------------+-------------+-----
Armour         | 3 |  3.3
Long Blades    | 2 3 |  3.0
Shields        | 3 |  3.2
Fighting       | |  3.2
Dodging        | |  0.7
Stealth        | |  0.1

Action                     |  1- 3 |  4- 6 || total
---------------------------+-------+-------++-------
  Melee: Long sword        |   102 |    33 ||   135
    Use: Scroll            |     6 |     4 ||    10
         Potion            |     1 |     1 ||     2
 Armour: Scale mail        |    77 |    43 ||   120
  Dodge: Dodged            |    45 |    22 ||    67
  Block: Buckler           |    29 |    13 ||    42
